Map: Blackburn LE

Players

LiquidClem (Clem) - Winner!

  • Race: Terran Terran
  • League: Master

Lambo

  • Race: Zerg Zerg
  • League: Grandmaster

Event: StayAtHome Story Cup #4

VOD

Have the link to the VOD?

Description

Time

  • Played on: Oct. 23, 2021, 11:41 a.m.
  • Length: 10:10

All games in this series

Show
View Real Time Build Order
Export as new Build Order

LiquidClem Terran - Winner!

Build Orders: Reaper Expand, Hellion Banshee 

Get SALT Encoding   

  12  0:00  SCV  
  13  0:12  SCV  
  14  0:17  Supply Depot  
  14  0:24  SCV  
  15  0:38  SCV  
  15  0:40  Barracks  
  16  0:43  Refinery  
  16  0:50  SCV  
  17  1:03  SCV  
  18  1:15  SCV  
  19  1:27  Reaper, Orbital Command  
  20  1:40  Command Center  
  20  1:47  Supply Depot  
  20  1:52  SCV  
  21  1:59  Marine  
  22  2:06  SCV  
  23  2:12  Factory  
  23  2:16  Engineering Bay  
  23  2:21  SCV  
  24  2:29  Barracks Reactor  
  24  2:33  SCV  
  25  2:45  SCV  
  25  2:48  Command Center  
  26  2:55  Orbital Command  
  26  3:00  SCV  
  27  3:08  Starport  
  27  3:12  Hellion  
  29  3:17  Hellion  
  29  3:19  SCV  
  32  3:22  SCV  
  32  3:25  Refinery  
  33  3:27  Barracks Tech Lab  
  33  3:32  SCV  
  33  3:34  SCV  
  35  3:36  Hellion  
  35  3:39  Hellion  
  39  3:46  SCV  
  40  3:52  SCV, Banshee  
  40  3:53  Marine  
  44  3:58  Widow Mine  
  44  4:00  Widow Mine  
  46  4:05  Orbital Command  
  46  4:06  SCV  
  44  4:11  Marine  
  44  4:15  SCV  
  42  4:21  SCV  
  41  4:30  Orbital Command  
  37  4:34  SCV  
  38  4:42  SCV  
  38  4:45  Refinery  
  38  4:46  SCV, Marine  
  40  4:54  SCV, Hellion x2  
  40  4:58  Banshee  
  48  5:02  Supply Depot  
  48  5:03  SCV  
  48  5:08  Marine  
  48  5:11  SCV  
  48  5:13  Bunker  
  50  5:14  Orbital Command  
  50  5:16  Hellion  
  52  5:24  SCV  
  52  5:25  Supply Depot  
  53  5:31  Cloaking Field  
  53  5:37  Supply Depot  
  53  5:43  Orbital Command  
  53  5:46  Banshee, SCV  
  58  5:54  Marine x2  
  58  5:55  Factory Tech Lab  
  58  5:56  SCV  
  60  5:57  Barracks  
  60  5:58  SCV  
  61  6:04  Bunker  
  61  6:09  SCV  
  61  6:10  SCV  
  63  6:12  Marine x2  
  65  6:18  SCV  
  65  6:21  Siege Tank  
  69  6:27  Supply Depot  
  69  6:28  SCV x2, Bunker  
  69  6:30  SCV  
  69  6:32  Marine  
  59  6:40  SCV  
  59  6:42  SCV, Marine  
  59  6:46  SCV  
  59  6:49  Marine  
  59  6:54  Banshee  
  61  7:00  Siege Tank  
  64  7:05  Supply Depot, SCV x2  
  64  7:06  Marine  
  64  7:07  SCV  
  68  7:09  Marine  
  68  7:14  Refinery  
  65  7:17  SCV x2  
  65  7:19  SCV  
  65  7:20  Supply Depot, Barracks Tech Lab  
  67  7:26  Supply Depot, Barracks  
  67  7:30  Bunker  
  67  7:31  Marine x2  
  67  7:33  Siege Tank  
  67  7:36  SCV  
  73  7:37  SCV  
  73  7:40  Marine  
  76  7:44  SCV  
  76  7:48  SCV, Starport Reactor  
  76  7:51  Marine, Engineering Bay  
  78  7:52  Engineering Bay  
  78  7:56  Marine  
  78  7:58  Marine  
  77  7:59  SCV  
  77  8:07  Siege Tank  
  77  8:08  Marine  
  77  8:10  SCV x2  
  83  8:14  Marine  
  83  8:17  Marine  
  83  8:18  Orbital Command  
  87  8:25  Supply Depot  
  87  8:26  Marine  
  86  8:32  Barracks x2  
  86  8:39  SCV  
  87  8:41  SCV  
  87  8:44  SCV, Starport Reactor  
  89  8:48  Marine, Siege Tank  
  89  8:53  Marine  
  94  8:57  SCV  
  94  8:58  Marine  
  94  9:00  SCV  
  97  9:07  Supply Depot, Bunker, Marine x2  
  99  9:10  Marine  
  99  9:11  Marine  
  99  9:13  Supply Depot  
  99  9:15  Armory  
  99  9:16  Marine  
  102  9:18  SCV  
  102  9:23  Siege Tank  
  106  9:24  Supply Depot  
  106  9:25  Marine  
  106  9:29  Medivac x2  
  106  9:30  Marine  
  108  9:32  Marine  
  108  9:33  Barracks Reactor  
  108  9:34  Barracks Reactor  
  108  9:35  Marine  
  108  9:36  SCV x2  
  108  9:38  SCV  
  112  9:40  Marine  
  112  9:42  Marine  
  112  9:44  Supply Depot  
  114  9:45  Refinery  
  114  9:46  Supply Depot  
  114  9:47  Marine  
Show
View Real Time Build Order
Export as new Build Order

Lambo Zerg 

Build Orders: Hatch First 

Get SALT Encoding   

  12  0:00  Drone  
  13  0:12  Overlord  
  13  0:16  Drone  
  14  0:30  Drone x2  
  16  0:47  Hatchery  
  15  0:50  Drone  
  15  0:54  Drone  
  17  0:59  Drone  
  18  1:13  Spawning Pool  
  18  1:14  Drone  
  18  1:17  Extractor  
  17  1:20  Drone  
  18  1:27  Drone  
  19  1:38  Drone  
  20  1:47  Hatchery  
  19  1:50  Drone  
  20  1:59  Queen  
  22  2:02  Zergling x2  
  22  2:06  Zergling x2  
  24  2:10  Zergling x2  
  24  2:13  Drone  
  26  2:19  Metabolic Boost  
  26  2:22  Drone  
  27  2:26  Drone  
  28  2:38  Roach Warren  
  27  2:45  Drone, Overlord  
  27  2:49  Overlord  
  28  3:03  Queen  
  30  3:06  Overlord  
  30  3:18  Roach x2  
  34  3:21  Zergling x4  
  34  3:23  Roach  
  38  3:29  Zergling x4  
  38  3:30  Zergling x2  
  41  3:35  Roach  
  43  3:44  Queen  
  45  3:50  Zergling x8  
  49  4:02  Zergling x8  
  52  4:13  Zergling x2  
  52  4:14  Zergling x2  
  52  4:22  Roach x3  
  55  4:26  Zergling x4  
  53  4:33  Zergling x2  
  53  4:38  Roach  
  50  4:48  Drone  
  50  4:50  Queen  
  51  4:54  Drone x2  
  51  4:55  Drone  
  53  5:00  Ravager  
  53  5:01  Ravager x2  
  53  5:03  Drone  
  57  5:08  Drone, Overlord  
  57  5:11  Spore Crawler  
  57  5:26  Queen  
  59  5:30  Roach x3  
  59  5:33  Drone  
  59  5:34  Drone x2  
  65  5:40  Overlord  
  65  5:41  Overlord  
  63  5:52  Spore Crawler  
  62  5:57  Overlord  
  62  5:58  Queen  
  62  5:59  Queen  
  62  6:01  Overlord  
  66  6:06  Drone x2  
  68  6:12  Ravager  
  68  6:13  Drone x3  
  68  6:15  Extractor  
  71  6:21  Roach  
  71  6:23  Spore Crawler x2  
  66  6:33  Drone x4  
  62  6:41  Queen  
  62  6:42  Drone  
  62  6:46  Zergling x4  
  63  6:49  Drone x2  
  63  6:54  Drone  
  64  6:56  Lair  
  64  6:59  Drone  
  61  7:10  Zergling x4  
  61  7:13  Drone x5  
  59  7:18  Drone x2  
  59  7:19  Extractor  
  59  7:20  Spore Crawler  
  59  7:21  Drone  
  60  7:25  Ravager x2  
  60  7:27  Drone x2  
  60  7:28  Drone  
  60  7:29  Drone  
  66  7:31  Drone  
  66  7:39  Queen  
  66  7:43  Roach  
  68  7:46  Drone x6  
  68  7:48  Extractor  
  73  7:57  Roach x3  
  77  8:01  Roach  
  77  8:04  Roach x2  
  77  8:05  Roach  
  81  8:08  Zergling x8  
  81  8:10  Ravager  
  86  8:15  Queen  
  86  8:16  Spore Crawler  
  87  8:24  Ravager x2  
  87  8:26  Zergling x2  
  90  8:32  Overlord  
  90  8:33  Overlord  
  90  8:36  Overlord  
  90  8:38  Overlord  
  90  8:43  Glial Reconstitution  
  90  8:46  Nydus Network  
  89  8:53  Overseer  
  88  8:56  Roach x4  
  88  8:57  Overlord  
  88  8:58  Zergling x10  
  99  9:05  Zergling x8, Ravager  
  99  9:08  Zergling x2  
  103  9:10  Queen  
  103  9:16  Ravager x2  
  107  9:19  Overlord  
  107  9:31  Zergling x14  
  98  9:40  Nydus Canal  
  98  9:41  Roach  
  98  9:42  Roach  
  98  9:43  Ravager x2  
  98  9:45  Roach  
Tags
 
Add a new tag
Caveats
  • Supply blocks, unpowered buildings, or Contaminate may cause inaccurate times.
  • Supply counts are checked every 10 seconds.